 Dungeon Crawl Stone Soup version 0.32-a0-126-g9fbf7fb75a (webtiles) character file.

Game seed: 1448707301595969649

74 Jannitor the Trooper (level 4, 0/36 HPs)
             Began as a Demonspawn Chaos Knight on Feb 7, 2024.
             Was a Plaything of Xom.
             Incinerated by a bombardier beetle (3 damage)
             ... with a burning spray
             ... on level 3 of the Dungeon.
             The game lasted 00:02:52 (1926 turns).

Jannitor the Trooper (Demonspawn Chaos Knight)      Turns: 1926, Time: 00:02:53

Health: 0/36       AC:  6    Str: 13    XL:     4   Next: 9%
Magic:  4/4        EV: 11    Int: 14    God:    Xom [..*...]
Gold:   94         SH:  0    Dex: 12    Spells: 2/3 levels left

rFire   . . .        a - +0 short sword (chaos)
rCold   . . .        (no shield)
rNeg    . . .        b - +2 leather armour
rPois   .            (no helmet)
rElec   .            (no cloak)
rCorr   .            (no gloves)
SInv    .            (no boots)
Will    .....        (no amulet)
Stlth   +            (no ring)
HPRegen 0.26/turn    (no ring)
MPRegen 0.09/turn

%: no passive effects
@: on fire, glowing
A: rugged brown scales 1, powered by pain 1
a: Renounce Religion


You were on level 3 of the Dungeon.
You worshipped Xom.
You were a toy of Xom.
You visited 1 branch of the dungeon, and saw 3 of its levels.

You collected 94 gold pieces.

Inventory:

Hand Weapons
 a - a +0 short sword of chaos (weapon)
Armour
 b - a +2 leather armour (worn)
Scrolls
 d - a scroll of blinking {unknown}
 g - a scroll of revelation {unknown}
Potions
 f - a potion of haste


   Skills:
 + Level 3.5 Fighting
 + Level 3.2 Short Blades
 - Level 2.3 Armour
 + Level 1.8 Dodging
 + Level 0.3 Stealth
 + Level 0.2 Spellcasting
 + Level 0.5 Hexes


You had 2 spell levels left.
You knew the following spells:

 Your Spells              Type           Power      Damage    Failure   Level
a - Slow                  Hex            4%         N/A       30%         1

Your spell library contained the following spells:

 Spells                   Type           Power      Damage    Failure   Level
 Sting                    Conj/Alch      0%         1d3       36%         1
 Mercury Vapours          Alch/Air       0%         N/A       50%         2
 Confusing Touch          Hex            1%         N/A       65%         3
 Sigil of Binding         Hex            1%         N/A       65%         3
 Vampiric Draining        Necr           0%         2d6       73%         3
 Olgreb's Toxic Radiance  Alch           0%         N/A       98%         4


Dungeon Overview and Level Annotations

Branches:
Dungeon (3/15)

Altars:
Gozag

Shops:
D:1 :


Innate Abilities, Weirdness & Mutations

You are partially covered in rugged brown scales. (AC +1, +3% HP)
You sometimes gain a little power by taking damage.


Message History

The liquid fire burns you!
Throw: dart (poison)
Press: ? - help, Q - select action, (/) - cycle Shift-Dir - straight line, f/p - bombardier beetle
Aim: a bombardier beetle (moderately wounded, poisoned, 67% to hit)
You throw a poisoned dart.
The poisoned dart hits the bombardier beetle.
The bombardier beetle is moderately wounded.
The liquid fire burns you!
The bombardier beetle sprays incendiary fluid at you.
The burning spray hits you.
You are even more covered in liquid fire!
The liquid fire burns you!
Unknown command.
The liquid fire burns you!
The bombardier beetle looks more healthy.
Unknown command.
You shake off some of the fire as you move.
The liquid fire burns you!
The frilled lizard hisses angrily.
You hit the bombardier beetle but do no damage.
The bombardier beetle is poisoned.
The bombardier beetle is heavily wounded.
The liquid fire burns you!
* * * LOW HITPOINT WARNING * * *
You hit the bombardier beetle but do no damage.
The bombardier beetle is heavily wounded.
The liquid fire burns you!
* * * LOW HITPOINT WARNING * * *
Xom's attention almost turns to you for a moment.
Your scroll labelled YZEDOL YNES briefly glows.
The bombardier beetle bites you but does no damage.
It was a potion of magic.
Magic courses through your body.
Xom roars with laughter!
The liquid fire burns you!
* * * LOW HITPOINT WARNING * * *
You hit the bombardier beetle.
You feel better.
The bombardier beetle is almost dead.
The liquid fire burns you!
You die... "I guess I need a new plaything now."

....#....# .....
#...#...##
.....##.#......## #
.............#..########
........####.......†....
....l.......#######.###.
.......####..## #.....
#......##.....# ######
#..((.B@..##### #
#......#### .......
#######


You could see a bombardier beetle (very poisoned) and a frilled lizard.

Vanquished Creatures
  A ribbon worm (D:2)
  A dart slug (D:2)
  5 orcs
  6 endoplasms
  4 giant cockroaches
  4 goblins (D:1)
  7 hobgoblins
  2 jackals (D:1)
  4 ball pythons
  5 bats (D:1)
  2 frilled lizards (D:1)
  5 kobolds
  3 rats (D:1)
49 creatures vanquished.

Vanquished Creatures (others)
  An orc wizard (D:3)
1 creature vanquished.

Grand Total: 50 creatures vanquished

Notes
Turn   | Place    | Note
-------+----------+-------------------------------------------
     0 | D:1      | Jannitor the Demonspawn Chaos Knight began the quest for
                  | the Orb.
     0 | D:1      | Reached XP level 1. HP: 18/18 MP: 1/1
    61 | D:1      | Reached skill level 1 in Dodging
   103 | D:1      | Gained mutation: You are partially covered in rugged brown
                  | scales. (AC +1, +3% HP) [demonic ancestry]
   103 | D:1      | Reached XP level 2. HP: 18/24 MP: 2/2
   345 | D:1      | XOM: silly message
   361 | D:1      | Found Gamiucou's Vocational Training.
   614 | D:1      | Gained mutation: You sometimes gain a little power by
                  | taking damage. [demonic ancestry]
   614 | D:1      | Reached XP level 3. HP: 22/29 MP: 3/3
  1180 | D:2      | Learned a level 1 spell: Slow
  1211 | D:2      | Found a faded altar of an unknown god.
  1254 | D:2      | XOM: 5-stop teleportation journey
  1455 | D:2      | XOM: silly message
  1579 | D:2      | XOM: silly message
  1744 | D:3      | Reached XP level 4. HP: 20/36 MP: 4/4
  1833 | D:3      | Found an opulent altar of Gozag.
  1924 | D:3      | XOM: silly message
  1926 | D:3      | Incinerated by a bombardier beetle

Illustrated notes

Levels and vault maps discovered:
D:1:      dpeg_arrival_shrine, layout_loops_corners, st_stairs_6,
          hangedman_glass_garden, nicolae_shop_vocational
D:2:      layout_basic, hellmonk_ecumenical_altar_run_dry, serial_glass,
          glass_columns_a, glass_columns_a, feat_on_display, feat_on_display,
          minmay_strange_pillars
D:3:      layout_rooms, nicolae_overflow_crystal_walls, old_standard_altar

Skill      XL: |  1  2 |
---------------+-------+-----
Dodging        | 1 |  1.8
Armour         | 2 |  2.3
Short Blades   | 3 |  3.2
Fighting       | |  3.5
Stealth        | |  0.3
Spellcasting   | |  0.2
Hexes          | |  0.5

Action                     |  1- 3 |  4- 6 || total
---------------------------+-------+-------++-------
  Melee: Short sword       |   189 |    15 ||   204
         Punch             |     4 |     1 ||     5
  Throw: Dart              |       |     5 ||     5
    Use: Potion            |     1 |     1 ||     2
         Scroll            |     1 |       ||     1
   Stab: Sleeping          |     3 |       ||     3
         Paralysed         |     2 |       ||     2
 Armour: Leather armour    |    87 |     5 ||    92
  Dodge: Dodged            |    78 |     3 ||    81

Table legend: (Time is in decaauts)
 A = Elapsed time spent in this place.
 B = Non-inter-level travel time spent in this place.
 C = Inter-level travel time spent in this place.
 D = Time resting spent in this place.
 E = Time spent auto-exploring this place.
 F = Levels seen in this place.
 G = Mean time per level.
                   A        B        C        D        E       F      G
               +--------+--------+--------+--------+--------+-----+--------+
         Total |   1880 |   1847 |     33 |    125 |   1371 |   3 |  626.7 |
       Dungeon |   1880 |   1847 |     33 |    125 |   1371 |   3 |  626.7 |
               +--------+--------+--------+--------+--------+-----+--------+

Top non-repeatable levels by time:
     D:1: 1005 daAuts
     D:2: 646 daAuts
     D:3: 228 daAuts
